AoeStats
← Like_2_win2

Black Forest

510407525Analyzed
4v4 RM · 1d ago on Sep 30, 2026· 53m 37s· 8 players
Game mode
Random Map
Map size
Large (8 player)
Population
200
Speed
Normal
Resources
Standard
Victory
Conquest
Starting age
Dark Age
Ending age
Imperial Age
RankedLock teamsTeams togetherTeam positionsShared explorationLock speedFull tech treeHidden civsTurbo modeCheats
Victory
Defeat
🇵🇪 Gurjaras · Peru
930
+11
🇩🇪 Koreans · Germany
896
+12
🇺🇸 Persians · United States
800
+16
🇵🇹 Italians · Portugal
776
+18
🇪🇸 Franks · Spain
839
-15
🇩🇰 Danes · Denmark
834
-15
🇦🇱 Khmer · Albania
821
-15
🇩🇪 Huns · Germany
764
-12
Like_2_win2
0:34 Loom
12:10 Feudal Age
13:35 Wheelbarrow
12:49 Double-Bit Axe
12:48 Horse Collar
17:43 Gold Mining
20:50 Castle Age
19:33 Stone Mining
21:53 Hand Cart
21:43 Heavy Plow
22:00 Bow Saw
23:28 Gold Shaft Mining
25:04 Caravan
31:55 Imperial Age
31:38 Stone Shaft Mining
31:21 Forging
31:09 Town Watch
33:10 Iron Casting
33:50 Town Patrol
33:52 Fletching
34:30 Hamask
35:09 Gambesons
35:26 Squires
35:15 Arson
36:36 Elite Varangian Guard
38:01 Scale Mail Armor
43:42 Siege Engineers
44:38 Chemistry
44:43 Blast Furnace
43:42 Onager
45:06 Murder Holes
45:22 Masonry
45:33 Ballistics
SuperGiGi
1:07 Loom
14:14 Feudal Age
21:32 Castle Age
20:30 Double-Bit Axe
22:30 Horse Collar
26:02 Wheelbarrow
27:10 Bow Saw
28:04 Heavy Plow
30:50 Hand Cart
30:56 Hand Cart
34:12 Town Watch
37:35 Imperial Age
36:13 Stone Mining
36:14 Gold Mining
36:20 Gold Mining
38:03 Gold Shaft Mining
38:09 Stone Shaft Mining
37:36 Heavy Scorpion
39:52 Conscription
40:09 Caravan
40:40 Coinage
41:14 Double Crossbow
44:53 Elite Ballista Elephant
47:42 Tusk Swords
49:41 Chemistry
48:55 Fortified Wall
50:00 Scale Barding Armor
50:06 Forging
Scanderbeg^ReX¬ALBANIE
6:12 Loom
15:04 Feudal Age
15:36 Double-Bit Axe
16:30 Horse Collar
16:32 Fishing Lines
18:41 Gold Mining
19:48 Stone Mining
21:13 Wheelbarrow
22:01 Town Watch
24:43 Castle Age
23:36 Bloodlines
24:32 Scale Barding Armor
24:39 Forging
24:31 Scale Mail Armor
25:35 Bow Saw
26:52 Caravan
27:42 Gillnets
27:55 Heavy Plow
28:42 Husbandry
29:08 Chain Barding Armor
29:24 Iron Casting
29:07 Chain Mail Armor
30:32 Hand Cart
30:21 Town Patrol
35:02 Imperial Age
33:11 Gold Shaft Mining
33:40 Ballistics
33:13 Fletching
33:24 Padded Archer Armor
34:55 Bodkin Arrow
35:15 Leather Archer Armor
35:30 Heavy Cavalry Archer
36:36 Parthian Tactics
37:03 Conscription
37:08 Atheism
36:11 Cavalier
37:04 Pikeman
37:45 Squires
39:27 Two-Man Saw
38:27 Paladin
39:51 Guilds
41:11 Chemistry
41:35 Plate Barding Armor
42:01 Blast Furnace
41:02 Bracer
43:53 Coinage
44:40 Halberdier
50:51 Banking
sentoginerzarra
0:51 Loom
12:46 Feudal Age
14:19 Wheelbarrow
13:34 Double-Bit Axe
13:41 Stone Mining
13:45 Gold Mining
21:44 Castle Age
23:12 Hand Cart
23:10 Bow Saw
23:37 Gold Shaft Mining
23:17 Forging
23:13 Scale Barding Armor
29:54 Husbandry
29:16 Light Cavalry
34:25 Imperial Age
33:18 Fortified Wall
33:30 Ballistics
33:06 Murder Holes
33:37 Chain Barding Armor
34:02 Iron Casting
34:51 Caravan
34:50 Cavalier
35:33 Chivalry
35:55 Conscription
36:14 Plate Barding Armor
35:43 Scale Mail Armor
36:49 Blast Furnace
35:50 Scale Mail Armor
35:53 Paladin
36:57 Paladin
38:39 Paladin
41:32 Chemistry
40:38 Siege Engineers
40:14 Treadmill Crane
41:16 Hoardings
40:17 Ordonnance Companies
40:26 Elite Throwing Axeman
41:30 Chain Mail Armor
43:49 Plate Mail Armor
43:11 Fletching
45:17 Bodkin Arrow
45:15 Heavy Scorpion
49:35 Padded Archer Armor
Walls vs Zombies 2009
13:06 Feudal Age
11:21 Loom
17:02 Castle Age
15:26 Double-Bit Axe
16:27 Fishing Lines
19:18 Wheelbarrow
19:08 Gillnets
22:22 Bow Saw
23:56 Wheelbarrow
27:11 Imperial Age
25:00 Gold Mining
25:06 Fletching
26:56 Loom
28:09 Heavy Rocket Cart
29:44 Shinkichon
31:40 Guilds
32:21 Siege Engineers
32:57 Gold Shaft Mining
32:13 Stone Mining
34:59 Conscription
35:42 Chemistry
35:07 Ballistics
36:23 Two-Man Saw
35:24 Bodkin Arrow
35:57 Ballistics
35:48 Fortified Wall
35:42 Treadmill Crane
36:23 Ballistics
37:27 Hand Cart
38:38 Masonry
41:10 Caravan
44:02 Scale Mail Armor
44:12 Forging
44:03 Bracer
46:09 Pikeman
47:29 Chain Mail Armor
47:49 Iron Casting
48:27 Loom
49:48 Plate Mail Armor
49:21 Squires
50:26 Halberdier
53:32 Architecture
53:30 Horse Collar
54:26 Stone Shaft Mining
53:50 Murder Holes
54:07 Fortified Wall
Reclaimer
0:31 Loom
12:24 Feudal Age
12:56 Horse Collar
14:39 Double-Bit Axe
14:47 Gold Mining
14:51 Stone Mining
22:10 Castle Age
21:30 Wheelbarrow
23:48 Bow Saw
23:41 Heavy Plow
24:43 Stone Shaft Mining
28:08 Hand Cart
28:07 Town Watch
29:52 Silk Road
29:54 Caravan
30:01 Fletching
30:12 Padded Archer Armor
32:47 Bodkin Arrow
33:07 Leather Archer Armor
35:54 Imperial Age
34:11 Ballistics
35:07 Treadmill Crane
35:37 Masonry
35:23 Murder Holes
35:44 Forging
35:35 Scale Mail Armor
37:32 Conscription
37:57 Crop Rotation
38:33 Two-Man Saw
38:03 Squires
37:49 Arson
37:51 Arrowslits
39:26 Chemistry
39:04 Architecture
39:18 Hoardings
39:58 Ring Archer Armor
40:00 Bracer
40:21 Elite Genoese Crossbowman
42:15 Pirotechnia
42:43 Iron Casting
42:24 Chain Mail Armor
42:31 Fortified Wall
42:23 Town Patrol
42:31 Thumb Ring
46:28 Blast Furnace
45:59 Plate Mail Armor
47:11 Elite Skirmisher
52:00 Scale Barding Armor
Yggdrasil
1:28 Loom
9:58 Feudal Age
10:33 Double-Bit Axe
14:37 Fishing Lines
15:46 Wheelbarrow
18:27 Castle Age
16:59 Horse Collar
19:35 Bow Saw
19:21 Gillnets
21:12 Caravan
22:12 Gold Mining
23:15 Heavy Plow
24:37 Gold Shaft Mining
24:19 Town Watch
25:41 Treadmill Crane
27:41 Town Patrol
28:23 Stone Mining
33:19 Imperial Age
32:00 Hand Cart
32:24 Stone Shaft Mining
31:43 Fletching
31:59 Scale Barding Armor
35:04 Chemistry
34:13 Bodkin Arrow
33:41 Onager
34:31 Thumb Ring
35:27 Kshatriyas
35:36 Fortified Wall
36:52 Ballistics
37:40 Crop Rotation
37:17 Bracer
37:38 Chain Barding Armor
37:29 Forging
38:36 Frontier Guards
38:36 Conscription
39:06 Masonry
38:52 Murder Holes
39:36 Plate Barding Armor
38:25 Elite Skirmisher
39:09 Husbandry
39:22 Bloodlines
38:34 Heavy Camel Rider
40:47 Iron Casting
39:42 Elite Elephant Archer
39:53 Light Cavalry
40:45 Hussar
41:58 Heavy Scorpion
43:51 Padded Archer Armor
43:53 Scale Mail Armor
47:11 Leather Archer Armor
47:46 Architecture
47:16 Siege Elephant
Williamjason007
13:40 Feudal Age
19:12 Castle Age
17:41 Horse Collar
21:03 Heavy Plow
22:12 Stone Mining
25:30 Gold Mining
31:27 Imperial Age
30:06 Forging
30:03 Scale Barding Armor
32:25 Chain Barding Armor
32:42 Iron Casting
31:40 Light Cavalry
32:33 Bloodlines
32:23 Husbandry
33:23 Light Cavalry
34:46 Plate Barding Armor
37:22 Blast Furnace
37:24 Elite War Elephant
39:21 Fletching
39:31 Padded Archer Armor
39:47 Hussar
Connection lost

Rejoining the realm…

Still unreachable

The connection could not be restored.

Session expired

The server has moved on; the page needs a fresh start.